 Dungeon Crawl Stone Soup version 0.31.0-12-g77e489cdc1 (webtiles) character file.

Game seed: 7979754564739707554

220 Ruich the Gusty (level 5, -1/28 HPs)
             Began as a Tengu Air Elementalist on Feb 13, 2024.
             Slain by an ogre
             ... wielding a +0 giant club
              (29 damage)
             ... on level 4 of the Dungeon.
             The game lasted 00:07:58 (4527 turns).

Ruich the Gusty (Tengu Air Elementalist)            Turns: 4527, Time: 00:07:59

Health: -1/28      AC:  2    Str: 10    XL:     5   Next: 97%
Magic:  1/11       EV: 27    Int: 15    God:
Gold:   208        SH:  0    Dex: 15    Spells: 1/10 levels left

rFire   . . .        c - +0 dagger
rCold   . . .        (no shield)
rNeg    . . .        a - +0 robe
rPois   .            (helmet restricted)
rElec   .            (no cloak)
rCorr   .            (no gloves)
SInv    .            (boots unavailable)
Will    .....        (no amulet)
Stlth   ++           (no ring)
HPRegen 0.24/turn    (no ring)
MPRegen 0.12/turn

%: acrobat
@: acrobatic
A: beak, talons 3, acrobatic
a: no special abilities


You were on level 4 of the Dungeon.
You visited 1 branch of the dungeon, and saw 4 of its levels.

You collected 208 gold pieces.


Innate Abilities, Weirdness & Mutations

You have a beak for a mouth.
You have claws for feet.
You can magically evade attacks while moving or waiting.


   Skills:
 - Level 2.1 Dodging
 - Level 2.0 Stealth
 + Level 3.3 Spellcasting
 - Level 1.3 Conjurations
 + Level 1.5 Translocations
 * Level 6.9 Air Magic


You had one spell level left.
You knew the following spells:

 Your Spells              Type           Power      Damage    Failure   Level
a - Airstrike             Air            11%        2d(2-18)  11%         4
t - Static Discharge      Conj/Air       28%        3-5/arc   5%          2
z - Shock                 Conj/Air       56%        1d6       3%          1
B - Blink                 Tloc           14%        N/A       16%         2

Your spell library contained the following spells:

 Spells                   Type           Power      Damage    Failure   Level
 Magic Dart               Conj           24%        1d4       11%         1
 Swiftness                Air            23%        N/A       3%          3
 Call Imp                 Summ           4%         N/A       28%         2
 Ensorcelled Hibernation  Hex/Ice        4%         N/A       28%         2
 Passwall                 Erth           2%         N/A       50%         3
 Passage of Golubria      Tloc           7%         N/A       71%         4
 Silence                  Hex/Air        6%         N/A       78%         5
 Lehudib's Crystal Spear  Conj/Erth      2%         10d2      100%        8

Inventory:

Hand Weapons
 c - a +0 dagger (weapon)
Armour
 a - a +0 robe (worn)
Magical Staves
 h - a staff of death {!a}
Wands
 l - a wand of flame (25)
 o - a wand of roots (14)
Scrolls
 f - a scroll of revelation
 g - a scroll of brand weapon {unknown}
 i - a scroll of amnesia {unknown}
 k - 5 scrolls of identify {unknown}
 m - a scroll of noise {unknown}
 r - a scroll of fear {unknown}
Potions
 d - 2 potions of might {unknown}
 e - 2 potions of invisibility {unknown}
 j - 2 potions of haste {unknown}
 n - a potion of heal wounds {unknown}
 p - a potion of lignification {unknown}
 q - 2 potions of ambrosia {unknown}

Dungeon Overview and Level Annotations

Branches:
Dungeon (4/15)
 Temple: D:4-7

Altars:
Fedhas
Okawaru
Qazlal

#..#....# #######..........###.
#..###..# #...#..............
...# #..# #.))#.......##....#
..## ##.## ###)).#....)........#
#.# #..####.##)##.............#
### *#.##......................
#.### #.......................#.
....####........O.............##.
.......#........@............###.
........................##...###.
................>.....#####...#..
.......................## ##..#..
....................##..## #.....
....................###..###.....
#................<.## ##......##.
.....##........###.## #.....####
...####.##..#### ##.# ##..##.##


You could see an ogre.


Message History

You kill the goblin!
The goblin is struck by an arc of lightning.
You kill the goblin!
The lightning grounds out.
Unknown command.
Casting: Static Discharge (safe; 5% risk of failure)
Confirm with . or Enter, or press ? or * to list all spells.
The ogre is struck by an arc of lightning.
The ogre is heavily wounded.
The goblin is struck by an arc of lightning.
You kill the goblin!
The goblin is struck by an arc of lightning.
The goblin is severely wounded.
The goblin is struck by an arc of lightning.
You kill the goblin!
The lightning grounds out.
The ogre misses you.
Unknown command.
Casting: Static Discharge (safe; 5% risk of failure)
Confirm with . or Enter, or press ? or * to list all spells.
The ogre is struck by an arc of lightning.
The ogre is heavily wounded.
The goblin is struck by an arc of lightning.
You kill the goblin!
The lightning grounds out.
Unknown command.
The ogre attacks as it pursues you! The ogre closely misses you.
The ogre attacks as it pursues you!
The ogre hits you with a +0 giant club!!
Ouch! That really hurt!
You die...

Skill      XL: |  1  2  3  4 |
---------------+-------------+-----
Air Magic      | 5 6 |  6.9
Spellcasting   | 3 |  3.3
Translocations | 1 |  1.5
Dodging        | |  2.1
Stealth        | |  2.0
Conjurations   | |  1.3

Action                     |  1- 3 |  4- 6 || total
---------------------------+-------+-------++-------
  Melee: Unarmed           |     2 |       ||     2
         Kick              |     1 |     1 ||     2
         Dagger            |       |     3 ||     3
   Cast: Shock             |    89 |    61 ||   150
         Static Discharge  |       |    10 ||    10
    Use: Scroll            |       |     1 ||     1
         Potion            |       |     1 ||     1
 Armour: Robe              |    11 |    18 ||    29
  Dodge: Dodged            |    11 |    19 ||    30

Levels and vault maps discovered:
D:1:      mrwooster_arrival_statue, layout_basic,
          hellmonk_ecumenical_altar_prayer_group
D:2:      layout_loops_cross, basic_altar, hangedman_decor_push, minivault_14
D:3:      layout_loops_ring
D:4:      layout_layer_cave, mainiacjoe_overflow_cross_hatched,
          grunt_qazlal_sundering, nrook_uturn, minmay_ogre_servants

Notes
Turn   | Place    | Note
-------+----------+-------------------------------------------
     0 | D:1      | Ruich the Tengu Air Elementalist began the quest for the
                  | Orb.
     0 | D:1      | Reached XP level 1. HP: 10/10 MP: 4/4
   210 | D:1      | Reached XP level 2. HP: 15/15 MP: 0/6
   214 | D:1      | Learned a level 2 spell: Static Discharge
   741 | D:1      | Reached skill level 5 in Air Magic
   753 | D:1      | Reached XP level 3. HP: 19/19 MP: 5/7
   874 | D:1      | Found a faded altar of an unknown god.
  1434 | D:2      | Found an iron altar of Okawaru.
  1756 | D:2      | Learned a level 2 spell: Blink
  2070 | D:2      | Reached XP level 4. HP: 24/24 MP: 6/9
  3175 | D:4      | Found a blossoming altar of Fedhas.
  3203 | D:4      | Found a stormy altar of Qazlal.
  3207 | D:4      | Noticed a scorpion
  3242 | D:4      | Killed a scorpion
  3243 | D:4      | Reached skill level 3 in Spellcasting
  3243 | D:4      | Reached skill level 1 in Translocations
  3243 | D:4      | Reached skill level 6 in Air Magic
  3243 | D:4      | Reached XP level 5. HP: 18/28 MP: 0/10
  3654 | D:4      | Learned a level 4 spell: Airstrike
  3818 | D:4      | HP: 2/28 [poisoned by a scorpion]
  4518 | D:4      | Noticed an ogre
  4527 | D:4      | Slain by an ogre

Vanquished Creatures
  2 scorpions (D:4)
  2 adders
  2 orcs (D:4)
  7 bats
  2 endoplasms (D:3)
  2 giant cockroaches
  6 hobgoblins
  7 jackals
  9 kobolds
  5 quokkas
  7 ball pythons
  3 frilled lizards
  16 goblins
  5 rats
75 creatures vanquished.

Table legend: (Time is in decaauts)
 A = Elapsed time spent in this place.
 B = Non-inter-level travel time spent in this place.
 C = Inter-level travel time spent in this place.
 D = Time resting spent in this place.
 E = Time spent auto-exploring this place.
 F = Levels seen in this place.
 G = Mean time per level.
                   A        B        C        D        E       F      G
               +--------+--------+--------+--------+--------+-----+--------+
         Total |   4526 |   4406 |    120 |   1195 |   2656 |   4 | 1131.5 |
       Dungeon |   4526 |   4406 |    120 |   1195 |   2656 |   4 | 1131.5 |
               +--------+--------+--------+--------+--------+-----+--------+

Top non-repeatable levels by time:
     D:4: 1454 daAuts
     D:1: 1298 daAuts
     D:2: 1094 daAuts
     D:3: 678 daAuts

Table legend:
 A = Non-vault XP
 B = Vault XP
 C = Vault XP percentage of total XP
 D = Non-vault monster count
 E = Vault monster count
 F = Vault count percentage of total count
                 A         B        C        D         E       F
            +---------+---------+-------+---------+---------+-------
      Total |     291 |      24 |   7.6 |      63 |      12 |  16.0
            +---------+---------+-------+---------+---------+-------
        D:1 |      41 |       8 |  16.3 |      27 |       4 |  12.9
        D:2 |      40 |       0 |   0.0 |      18 |       0 |   0.0
        D:3 |      15 |       0 |   0.0 |       8 |       0 |   0.0
        D:4 |     195 |      16 |   7.6 |      10 |       8 |  44.4
            +---------+---------+-------+---------+---------+-------
